 Dungeon Crawl Stone Soup version 0.25-b1-46-gb8a1ec05df (webtiles) character file.

Game seed: 11879648124337913509

234 Froggeryz the Chopper (level 5, -1/50 HPs)
             Began as a Deep Dwarf Fighter on June 9, 2020.
             Killed from afar by an orc wizard (6 damage)
             ... with a magic dart
             ... on level 6 of the Dungeon.
             The game lasted 00:02:36 (982 turns).

Froggeryz the Chopper (Deep Dwarf Fighter)           Turns: 982, Time: 00:02:37

Health: -1/50      AC:  6    Str: 21    XL:     5   Next: 75%
Magic:  4/4        EV:  9    Int:  8    God:
Gold:   52         SH:  0    Dex: 12    Spells: 4/4 levels left

rFire    . . .     SeeInvis .   a - +0 war axe
rCold    . . .     Gourm    .   (no shield)
rNeg     . . .     Faith    .   b - +0 scale mail
rPois    .         Spirit   .   (no helmet)
rElec    .         Reflect  .   (no cloak)
rCorr    .         Harm     .   (no gloves)
MR       .....                  (no boots)
Stlth    ..........             (no amulet)
HPRegen  0.00/turn              (no ring)
MPRegen  0.09/turn              (no ring)

@: non-regenerating
A: damage resistance, heal wounds, sense surroundings 1, no regeneration
a: Heal Wounds


You were on level 6 of the Dungeon.
You were hungry.

You visited 2 branches of the dungeon, and saw 6 of its levels.

You collected 52 gold pieces.

Inventory:

Hand Weapons
 a - a +0 war axe (weapon)
Armour
 b - a +0 scale mail (worn)
Scrolls
 e - 2 scrolls of remove curse {unknown}
 j - a scroll of magic mapping {unknown}
 k - a scroll of enchant weapon {unknown}
 l - a scroll of teleportation {unknown}
Potions
 c - a potion of cancellation {unknown}
 d - a potion of might
 h - a potion of haste {unknown}
 i - a potion of mutation {unknown}
Comestibles
 f - 2 rations
 g - 4 chunks of flesh


   Skills:
 + Level 4.0 Fighting
 * Level 5.6 Axes
 - Level 3.2 Armour
   Level 3.2 Shields


You had 4 spell levels left.
You didn't know any spells.
Your spell library was empty.

Dungeon Overview and Level Annotations

Branches:
Dungeon (6/15)             Temple (1/1) D:6

Altars:
Ashenzari
Cheibriados
Dithmenos
Elyvilon
Fedhas
Gozag
Hepliaklqana
Kikubaaqudgha
Nemelex Xobeh
Okawaru
Qazlal
Ru
Sif Muna
Trog
Uskayaw
Vehumet
Wu Jian
Xom
Yredelemnul
Zin
The Shining One


Innate Abilities, Weirdness & Mutations

You are resistant to damage.
You can heal yourself by infusing magical energy.
You passively map a small area around you.
You do not regenerate.


Message History

The sky beast hits you but does no damage.
The orc wizard hits you but does no damage.
You barely miss the orc wizard.
The orc wizard is heavily wounded.
You slash the sky beast!
You kill the sky beast!
Your Fighting skill increases to level 4!
The orc wizard hits you with a +0 dagger.
The killer bee zombie misses you.
The orc wizard gestures wildly while chanting.
The orc wizard blinks!
The orc wizard casts a spell at you. The magic dart hits you!
* * * LOW HITPOINT WARNING * * *
You closely miss the killer bee zombie.
The killer bee zombie closely misses you.
The killer bee zombie hits you.
The orc wizard points at you and mumbles some strange words.
The magic dart hits you!
You die...

* , *#.# , * , ,,
.:$ ,, , , #.# #.#
* #.#, , #.# , #.#
*# *, #, *#Z# .##
*#.###@###..# *,
#..........# * *
###..o.....#
###รท....## ,
#.#+###
#.#.######## ,
#<..##.....# ##. *
##..##.....#....*#
#..##.....#.#....


You could see an orc wizard (fast) and a killer bee zombie.

Vanquished Creatures
  A sky beast (D:6)
  A scorpion (D:6)
  A worker ant (D:4)
  2 iguanas
  An adder (D:5)
  2 gnolls (D:5)
  An orc (D:6)
  A bat (D:1)
  A giant cockroach (D:1)
  3 goblins
  9 hobgoblins
  10 jackals
  A frilled lizard (D:2)
  A rat (D:1)
35 creatures vanquished.

Notes
Turn   | Place    | Note
-------+----------+-------------------------------------------
     0 | D:1      | Froggeryz the Deep Dwarf Fighter began the quest for the
                  | Orb.
     0 | D:1      | Reached XP level 1. HP: 20/20 MP: 1/1
    64 | D:1      | Reached XP level 2. HP: 20/27 MP: 2/2
    75 | D:1      | Reached skill level 3 in Axes
   133 | D:1      | You fall into a shaft and drop 1 floor!
   236 | D:2      | Reached XP level 3. HP: 17/34 MP: 3/3
   239 | D:2      | You fall into a shaft and drop 2 floors!
   256 | D:4      | HP: 1/34 [worker ant (2)]
   300 | D:5      | Entered Level 5 of the Dungeon
   433 | D:5      | HP: 1/34 [gnoll (5)]
   435 | D:5      | Reached skill level 4 in Axes
   435 | D:5      | Reached XP level 4. HP: 28/42 MP: 3/3
   541 | D:5      | Found an iron altar of Okawaru.
   634 | D:6      | Found a staircase to the Ecumenical Temple.
   642 | Temple   | Entered the Ecumenical Temple
   914 | D:6      | Reached skill level 5 in Axes
   914 | D:6      | Reached XP level 5. HP: 25/50 MP: 4/4
   952 | D:6      | Noticed a sky beast
   961 | D:6      | HP: 2/50 [something (2)]
   974 | D:6      | HP: 2/50 [something (5)]
   980 | D:6      | Killed a sky beast
   982 | D:6      | Killed from afar by an orc wizard

Illustrated notes

Levels and vault maps discovered:
D:1:      dpeg_arrival_rhombi, layout_loops_cross,
          corexii_item_surrounded_by_moat
D:2:      layout_loops_cross
D:4:      cheibrodos_pilgrimage, layout_layer_cave, uniq_eustachio,
          uniq_crazy_yiuf_cottage, uniq_robin
D:5:      layout_gridville, first_ration, okawaru_altar_gauntlet_db,
          uniq_duvessa, uniq_edmund
D:6:      layout_basic, minmay_temple_entry_arrows, minmay_manual_monstrance
Temple:   regret_index_temple_sigil_plot

Skill      XL: |  1  2  3  4  5 |
---------------+----------------+-----
Axes           | 3 4 5 |  5.6
Fighting       | 3 4 |  4.0
Armour         | |  3.2
Shields        | |  3.2

Action                   |  1- 3 |  4- 6 || total
-------------------------+-------+-------++-------
Melee: War axe           |    96 |    51 ||   147
 Abil: Heal Wounds       |     2 |     2 ||     4
Armor: Scale mail        |    44 |    22 ||    66
Dodge: Dodged            |    36 |    25 ||    61
Block: Kite shield       |    42 |       ||    42
